 Dungeon Crawl Stone Soup version 0.25-a0-71-ge910a4a285 (webtiles) character file.

Game seed: 1036992576397626042, levelgen mode: deterministic

1385 MrRokkomies the Ruffian (level 8, -7/72 (74) HPs)
             Began as a Ghoul Monk on Nov 3, 2019.
             Was a Believer of Makhleb.
             Mangled by an ogre
             ... wielding a +0 giant spiked club
              (9 damage)
             ... on level 6 of the Dungeon.
             The game lasted 00:13:13 (3702 turns).

MrRokkomies the Ruffian (Ghoul Monk)                Turns: 3702, Time: 00:13:14

HP:   -7/72 (74)    AC: 12    Str: 17    XL:     8   Next: 67%
MP:   7/7           EV:  3    Int:  5    God:    Makhleb [**....]
Gold: 252           SH: 11    Dex: 11    Spells: 7/7 levels left

rFire    . . .     SeeInvis .     - Unarmed
rCold    + . .     Gourm    .   g - +0 shield
rNeg     + + +     Faith    .   c - +1 plate armour
rPois    ∞         Spirit   .   (no helmet)
rElec    .         Reflect  +   (no cloak)
rCorr    .         Harm     .   (no gloves)
MR       .....                  (no boots)
Stlth    ..........             a - +4 amulet of reflection
HPRegen  0.00/turn              (no ring)
MPRegen  0.10/turn              (no ring)

@: rotting
A: rotting body, claws 1, carnivore, cold resistance 1, negative energy
resistance 3, inhibited regeneration, torment resistance, unbreathing
a: Minor Destruction, Renounce Religion


You were on level 6 of the Dungeon.
You worshipped Makhleb.
Makhleb was pleased with you.
You were not hungry.

You visited 1 branch of the dungeon, and saw 6 of its levels.
You also visited: Sewer.

You collected 252 gold pieces.

Inventory:

Missiles
 e - 9 boomerangs (quivered)
 r - a throwing net
 u - 11 poisoned darts
Armour
 c - a +1 plate armour (worn)
 g - a +0 shield (worn)
Jewellery
 a - a +4 amulet of reflection (around neck)
Wands
 o - a wand of acid (7)
Scrolls
 f - 2 scrolls of remove curse
 h - 3 scrolls of identify
 i - 4 scrolls of teleportation
 m - a scroll of magic mapping {unknown}
 q - 2 scrolls of blinking
 s - a scroll of enchant weapon
 t - a scroll of fog {unknown}
Potions
 d - 2 potions of heal wounds
 j - a potion of cancellation {unknown}
 k - a potion of mutation {unknown}
 l - 6 potions of curing
 n - a potion of agility {unknown}
 p - 2 potions of flight
Comestibles
 b - 11 rations


   Skills:
 * Level 7.9 Fighting
 + Level 3.9 Armour
 - Level 2.6 Dodging
 - Level 2.1 Stealth
 * Level 7.9 Unarmed Combat


You had 7 spell levels left.
You didn't know any spells.
Your spell library contained the following spells:

 Spells                   Type           Power        Failure   Level  Hunger
 Magic Dart               Conj           #...         100%        1    ##.....
 Pain                     Necr           #...         100%        1    ##.....
 Blink                    Tloc           N/A          100%        2    ###....
 Call Imp                 Summ           #.......     100%        2    ###....
 Slow                     Hex            #.......     100%        2    ###....
 Conjure Flame            Conj/Fire      #.......     100%        3    ####...
 Mephitic Cloud           Conj/Pois/Air  #.......     100%        3    ####...


Dungeon Overview and Level Annotations

Branches:
Dungeon (6/15)              Sewer (visited)
 Temple: D:4-7

Altars:
Dithmenos
Elyvilon
Kikubaaqudgha
Makhleb
Sif Muna
Vehumet
The Shining One


Innate Abilities, Weirdness & Mutations

Your body is rotting away.
You thrive on raw meat.
You are immune to poison.
You have sharp fingernails.
You are carnivorous and can eat meat at any time.
Your flesh is cold resistant. (rC+)
You are immune to negative energy. (rN+++)
You do not regenerate when monsters are visible.
You are immune to unholy pain and torment.
You can survive without breathing.


Message History

The bullfrog is moderately wounded.
The bullfrog hits you but does no damage.
You barely miss the bullfrog.
The bullfrog is moderately wounded.
The bullfrog hits you. You block the bullfrog's attack.
You scratch the ogre but do no damage.
The ogre hits you with a +0 giant spiked club!!
* * * LOW HITPOINT WARNING * * *
You block the bullfrog's attack.
You claw the ogre!
The ogre is moderately wounded.
The bullfrog hits you but does no damage.
The ogre hits you with a +0 giant spiked club!
* * * LOW HITPOINT WARNING * * *
You block the bullfrog's attack.
You claw the ogre!
The ogre is severely wounded.
The bullfrog barely misses you.
The ogre hits you with a +0 giant spiked club!
You die...

........#
........##
.........##
..........##
...........####
..............>
.......FO......
.......@.o....#
.............##
.............#
..........##..#
#.......### %%
##..##... . #..
##.. #. #..


You could see an ogre, a bullfrog and an orc.

Vanquished Creatures
  Pikel (D:5)
  Eustachio (D:5)
  Duvessa (D:4)
  2 slaves (D:5)
  An ogre (D:5)
  A big kobold (Sewer)
  Dowan (D:4)
  A scorpion (D:5)
  3 orc wizards
  A hound (D:5)
  A centaur skeleton (D:4)
  A worker ant (D:5)
  10 gnolls
  5 adders
  A howler monkey skeleton (D:4)
  2 river rats (Sewer)
  2 oozes (D:1)
  5 worms
  4 dart slugs
  4 leopard geckos
  16 orcs
  6 giant cockroaches
  8 goblins
  4 hobgoblins
  6 jackals
  2 quokkas
  3 ball pythons
  4 bats
  4 frilled lizards
  A giant cockroach zombie (D:5)
  10 kobolds
  29 rats
141 creatures vanquished.

Vanquished Creatures (others)
  A slave (D:5)
  A quokka (D:5)
2 creatures vanquished.

Grand Total: 143 creatures vanquished

Notes
Turn   | Place    | Note
-------+----------+-------------------------------------------
     0 | D:1      | MrRokkomies the Ghoul Monk began the quest for the Orb.
     0 | D:1      | Reached XP level 1. HP: 19/19 MP: 0/0
   211 | D:1      | Reached XP level 2. HP: 26/26 MP: 1/1
   411 | D:1      | Reached XP level 3. HP: 33/33 MP: 2/2
   533 | D:2      | Reached skill level 1 in Armour
   760 | D:2      | Reached XP level 4. HP: 37/40 MP: 3/3
  1300 | D:3      | Found a white marble altar of Elyvilon.
  1431 | D:3      | Reached XP level 5. HP: 46/47 MP: 4/4
  1566 | D:3      | Found a radiant altar of Vehumet.
  1575 | D:3      | Found an ancient bone altar of Kikubaaqudgha.
  1576 | D:3      | Found a shimmering blue altar of Sif Muna.
  1594 | D:3      | Identified Kikubaaqudgha's Papyrus of Evil
  1681 | D:3      | Found a shadowy altar of Dithmenos.
  1777 | D:4      | Noticed Duvessa
  1777 | D:4      | Noticed Dowan
  1861 | D:4      | Found a shadowy altar of Dithmenos.
  1937 | D:4      | Reached skill level 5 in Fighting
  1937 | D:4      | Reached skill level 5 in Unarmed Combat
  2039 | D:4      | Reached XP level 6. HP: 48/56 MP: 5/5
  2041 | D:4      | Killed Dowan
  2041 | D:4      | Killed Duvessa
  2537 | D:4      | Reached XP level 7. HP: 58/61 MP: 6/6
  2605 | D:5      | Entered Level 5 of the Dungeon
  2756 | D:5      | Found a glowing drain.
  2768 | Sewer    | Entered a sewer
  2999 | Sewer    | Found a white marble altar of Elyvilon.
  3097 | D:5      | Found a burning altar of Makhleb.
  3102 | D:5      | Became a worshipper of Makhleb the Destroyer
  3102 | D:5      | Reached * piety under Makhleb
  3102 | D:5      | Reached ** piety under Makhleb
  3109 | D:5      | Noticed Pikel
  3155 | D:5      | Killed Pikel
  3155 | D:5      | Reached XP level 8. HP: 61/73 MP: 7/7
  3245 | D:5      | Found a glowing golden altar of the Shining One.
  3626 | D:5      | Noticed Eustachio
  3657 | D:5      | Killed Eustachio
  3701 | D:6      | HP: 2/72 [ogre/+0 giant spiked club (14)]
  3702 | D:6      | Mangled by an ogre

Levels and vault maps discovered:
D:1:      lightli_iron_boxes, layout_rooms, grunt_decor_cap
D:2:      layout_rooms, first_ration, grunt_ministairs_2
D:3:      layout_basic, grunt_temple_overflow_magic_moments, elyvilon_altar_1,
          kennysheep_nondescript, grunt_dithmenos_smoke
D:4:      layout_basic, lemuel_round_altar, minmay_rat_hole, uniq_duvessa
D:5:      layout_basic, bloody_makhleb, kennysheep_mini, portal_sewer_entry_f,
          uniq_pikel, uniq_eustachio
D:6:      layout_layer_cave, kennysheep_generic_room_3, uniq_prince_ribbit1,
          uniq_sigmund, uniq_edmund

Skill      XL: |  1  2  3  4  5  6  7 |
---------------+----------------------+-----
Fighting       | 4 5 7 |  7.9
Unarmed Combat | 4 5 7 |  7.9
Armour         | 1 2 3 |  3.9
Dodging        | |  2.6
Stealth        | |  2.1

Action                   |  1- 3 |  4- 6 |  7- 9 || total
-------------------------+-------+-------+-------++-------
Melee: Unarmed           |    81 |   223 |   250 ||   554
Throw: Boomerang         |     6 |       |     3 ||     9
Evoke: Wand              |       |     4 |       ||     4
  Use: Scroll            |     2 |     5 |     5 ||    12
       Potion            |       |       |     1 ||     1
 Stab: Sleeping          |     1 |       |       ||     1
  Eat: Chunk             |       |     6 |     5 ||    11
Armor: Plate armour      |    36 |   118 |   145 ||   299
Dodge: Dodged            |     7 |    15 |    17 ||    39
Block: Shield            |    27 |   111 |   132 ||   270
       Other             |     1 |       |       ||     1
       Reflection        |       |     1 |     3 ||     4

Table legend:
 A = Non-vault XP
 B = Vault XP
 C = Vault XP percentage of total XP
 D = Non-vault monster count
 E = Vault monster count
 F = Vault count percentage of total count
                 A         B        C        D         E       F
            +---------+---------+-------+---------+---------+-------
      Total |     731 |    1248 |  63.1 |      99 |      40 |  28.8
            +---------+---------+-------+---------+---------+-------
        D:1 |      48 |       0 |   0.0 |      20 |       0 |   0.0
        D:2 |      64 |      26 |  28.9 |      20 |       2 |   9.1
        D:3 |      82 |       0 |   0.0 |      18 |       0 |   0.0
        D:4 |     167 |     242 |  59.2 |      20 |      21 |  51.2
        D:5 |     370 |     847 |  69.6 |      21 |       6 |  22.2
      Sewer |       0 |     133 | 100.0 |       0 |      11 | 100.0
            +---------+---------+-------+---------+---------+-------
